 Dungeon Crawl Stone Soup version 0.21.1-1-g345015f (webtiles) character file.

497 Imploder the Skirmisher (level 7, -2/61 HPs)
             Began as a Hill Orc Fighter on June 19, 2018.
             Was an Initiate of Makhleb.
             Killed by nerve-wracking pain
             ... invoked by Grinder
              (8 damage)
             ... while paralysed by Grinder
             ... on level 3 of the Dungeon.
             The game lasted 00:18:52 (3438 turns).

Imploder the Skirmisher (Hill Orc Fighter)          Turns: 3438, Time: 00:18:52

Health: -2/61      AC: 12    Str: 21    XL:     7   Next: 15%
Magic:  7/7        EV:  2    Int:  8    God:    Makhleb [......]
Gold:   207        SH:  0    Dex: 10    Spells: 6/6 levels left

rFire    . . .     SeeInvis .   F - +0 falchion
rCold    . . .     Gourm    +   c - +0 shield
rNeg     . . .     Faith    .   H - +0 chain mail
rPois    .         Spirit   .   B - +0 helmet
rElec    .         Reflect  .   (no cloak)
rCorr    .         Harm     .   z - +0 pair of gloves
MR       .....                  (no boots)
Stlth    ..........             k - amulet of the gourmand (curse)
HPRegen  0.20/turn              (no ring)
MPRegen  0.10/turn              (no ring)

@: paralysed
A: no striking features
a: Renounce Religion


You were on level 3 of the Dungeon.
You worshipped Makhleb.
Makhleb was noncommittal.
You were very full.

You visited 1 branch of the dungeon, and saw 4 of its levels.

You collected 207 gold pieces.

Inventory:

Hand Weapons
 a - a +0 long sword
 l - a +0 mace
 t - a +0 hunting sling
 v - a +0 trident
 F - a +0 falchion (weapon)
 G - a +0 flail
Missiles
 i - 92 stones (quivered)
 u - 53 arrows
Armour
 b - a +0 scale mail
 c - a +0 shield (worn)
 h - a +0 robe
 m - a +0 leather armour
 n - a +0 ring mail
 z - a +0 pair of gloves (worn)
 A - a +0 animal skin
 B - a +0 helmet (worn)
 H - a +0 chain mail (worn)
Jewellery
 k - a cursed amulet of the gourmand (around neck)
Scrolls
 g - 3 scrolls of teleportation {unknown}
 j - a scroll of remove curse {unknown}
 o - 2 scrolls of identify
 q - a scroll of fog {unknown}
 r - a scroll of blinking {unknown}
 s - a scroll of fear {unknown}
 x - a scroll of amnesia {unknown}
 y - a scroll of enchant armour {unknown}
 D - a scroll of enchant weapon {unknown}
Potions
 d - 4 potions of might
 e - 2 potions of curing
 p - 2 potions of flight {unknown}
 w - a potion of heal wounds {unknown}
 C - 2 potions of degeneration {unknown}
Comestibles
 f - 4 rations


   Skills:
 + Level 5.1 Fighting
 + Level 4.7 Long Blades
 + Level 0.1 Slings
 + Level 5.1 Armour
 + Level 1.7 Dodging
 + Level 0.2 Stealth
 + Level 4.6 Shields


You had 6 spell levels left.
You didn't know any spells.

Dungeon Overview and Level Annotations

Branches:
Dungeon (4/15)
 Temple: D:4-7

Altars:
Ashenzari
Dithmenos
Fedhas
Makhleb
Nemelex Xobeh
Sif Muna

Annotations:
D:3 Grinder


Message History

Grinder gestures at you. Pain shoots through your body!
* * * LOW HITPOINT WARNING * * *
You can move again.
You open the door.
Grinder says, "Don't move a muscle."
Grinder gestures at you.
You struggle to resist.
There is an open door here.
Found a ring mail.
You open the door.
Found a deep blue altar of Sif Muna.
Grinder gestures at you.
You suddenly lose the ability to move!
The crimson imp blinks!
Grinder gestures at you. Pain shoots through your body!
* * * LOW HITPOINT WARNING * * *
Grinder gestures at you. Pain shoots through your body!
You die...

#....# ##.#.........# #
'....# #...........# #
#....# ##....5.....# #
#....#
######..........####
........
................+...
###.####
#######.####....#### .#
#####..# #....#... .#
#.[.##'###....#.## .#
#@.5............ #
#.#....#
#..###............##
#.#....# #_.
#............##
#.#....#
###########+#'####.##
#.#....# ._#_..# ..#
#...
###'#....##..#..###
#..# #### ..........'#
#.#(.# #...
...........# ###(.#
#...
......._...###....#####
#># #...


You could see Grinder.

Vanquished Creatures
  The ghost of Harpaggios the Chopper, an amateur HOMo of Makhleb (D:3)
  A hound (D:2)
  A worker ant (D:3)
  Natasha (thrice) (D:3)
  Terence (D:3)
  Robin (D:3)
  2 adders
  2 oozes
  3 worms (D:2)
  A dart slug (D:1)
  2 leopard geckos
  3 giant cockroaches
  21 goblins
  10 hobgoblins
  3 jackals (D:1)
  A quokka (D:2)
  2 ball pythons (D:2)
  4 bats
  A frilled lizard (D:1)
  4 kobolds
  6 rats
73 creatures vanquished.

Notes
Turn   | Place    | Note
-------+----------+-------------------------------------------
     0 | D:1      | Imploder the Hill Orc Fighter began the quest for the Orb.
     0 | D:1      | Reached XP level 1. HP: 19/19 MP: 1/1
   231 | D:1      | Reached XP level 2. HP: 27/27 MP: 2/2
   507 | D:1      | Reached XP level 3. HP: 33/33 MP: 3/3
  1331 | D:2      | Reached XP level 4. HP: 29/40 MP: 4/4
  1440 | D:2      | Found a blossoming altar of Fedhas.
  1578 | D:2      | Found a shattered altar of Ashenzari.
  2053 | D:3      | Noticed Natasha
  2066 | D:3      | Killed Natasha
  2066 | D:3      | Reached skill level 1 in Dodging
  2066 | D:3      | Reached XP level 5. HP: 34/47 MP: 5/5
  2236 | D:3      | Noticed Robin
  2265 | D:3      | Killed Robin
  2275 | D:3      | Noticed Natasha
  2607 | D:3      | Killed Natasha
  2851 | D:3      | Noticed Terence
  2868 | D:3      | Reached XP level 6. HP: 37/55 MP: 6/6
  2885 | D:3      | Killed Terence
  3097 | D:3      | Found a shadowy altar of Dithmenos.
  3101 | D:3      | Became a worshipper of Dithmenos the Shadowed
  3130 | D:3      | Noticed Harpaggios's ghost (amateur HOMo)
  3131 | D:3      | Noticed Natasha
  3135 | D:3      | Killed Natasha
  3162 | D:3      | Killed Harpaggios's ghost
  3162 | D:3      | Reached skill level 5 in Fighting
  3162 | D:3      | Reached skill level 5 in Armour
  3162 | D:3      | Reached XP level 7. HP: 43/61 MP: 7/7
  3163 | D:3      | Found a burning altar of Makhleb.
  3178 | D:3      | Found a sparkling altar of Nemelex Xobeh.
  3257 | D:3      | Fell from the grace of Dithmenos
  3260 | D:3      | Became a worshipper of Makhleb the Destroyer
  3369 | D:3      | Noticed Grinder
  3373 | D:3      | Paralysed by Grinder for 2 turns
  3421 | D:3      | Paralysed by Grinder for 5 turns
  3433 | D:3      | Found a deep blue altar of Sif Muna.
  3434 | D:3      | Paralysed by Grinder for 7 turns
  3438 | D:3      | Killed from afar by Grinder

Skill      XL: |  1  2  3  4  5  6 |
---------------+-------------------+-----
Fighting       | 4 5 |  5.1
Long Blades    | 3 4 |  4.7
Dodging        | 1 |  1.7
Armour         | 4 5 |  5.1
Shields        | 4 |  4.6
Slings         | |  0.1
Stealth        | |  0.2

Action                   |  1- 3 |  4- 6 |  7- 9 || total
-------------------------+-------+-------+-------++-------
Melee: Long sword        |    92 |   168 |       ||   260
       Falchion          |       |       |    46 ||    46
 Fire: Hunting sling     |     2 |       |       ||     2
Invok: Renounce Religion |       |       |     1 ||     1
  Use: Scroll            |       |     1 |       ||     1
       Potion            |       |       |     1 ||     1
  Eat: Chunk             |    13 |     5 |       ||    18
       Ration            |       |     1 |       ||     1
Armor: Scale mail        |    42 |    69 |       ||   111
       Chain mail        |       |    12 |    17 ||    29
Dodge: Dodged            |    26 |    62 |    14 ||   102
Block: Shield            |    43 |    91 |    20 ||   154
       Rpst.: Long sword |    13 |    16 |       ||    29
       Falchion          |       |       |     3 ||     3
